IL
LAS VEGAS 51S @ LOUISVILLE BATS
07/20/2048
 
TOP OF THE 1ST
Gwinnett Braves batting - Pitching for Memphis Redbirds : RHP Mike Torres
Pitching: RHP Mike Torres
Batting: SHB Carlos Rodriguez 0-0: Ball
1-0: Ball
2-0: Swinging Strike
2-1: Swinging Strike
2-2: Foul Ball, location: 2F
2-2: Ball
3-2: Strikes out swinging
Batting: RHB Scott King 0-0: Ball
1-0: SINGLE (Line Drive, 6MD, EV 99.4 MPH)
Batting: RHB Josh Swartzentruber 0-0: DOUBLE (Flyball, 89D, EV 96.9 MPH)
Scott King to third
Batting: RHB Adam McGurn 0-0: Called Strike
0-1: Ball
1-1: SINGLE (Line Drive, 9LS, EV 100.6 MPH)
Scott King scores
Josh Swartzentruber to third
Runner from 3rd tries for Home, SAFE, throw by RF to home
Adam McGurn to second
Batting: RHB Eddie Wilkins 0-0: Called Strike
0-1: Swinging Strike
0-2: Strikes out swinging
Batting: RHB Mike Beavers 0-0: Swinging Strike
0-1: Foul Ball, location: 2F
0-2: Strikes out swinging
Top of the 1st over - 2 runs, 3 hits, 0 errors, 1 left on base; Gwinnett 2 - Memphis 0
BOTTOM OF THE 1ST
Memphis Redbirds batting - Pitching for Gwinnett Braves : RHP Samson Fullerton
Pitching: RHP Samson Fullerton
Batting: RHB Joe Smack 0-0: Called Strike
0-1: Ball
1-1: Ball
2-1: Ball
3-1: Foul Ball, location: 2F
3-2: Ground out 2-3 (Groundball, 15S, EV 70.6 MPH)
Batting: LHB Adrian Chavez 0-0: Ball
1-0: SINGLE (Line Drive, 89S, EV 109.4 MPH)
Batting: SHB Ryan Vanas 0-0: Called Strike
0-1: Foul Ball, location: 2F
0-2: Ball
1-2: Ball
2-2: Strikes out swinging
Batting: RHB Mike Stoll 0-0: Fielders Choice at 2nd, 6-4 (Groundball, 6, EV 81.9 MPH)
Bottom of the 1st over - 0 runs, 1 hit, 0 errors, 1 left on base; Gwinnett 2 - Memphis 0
TOP OF THE 2ND
Gwinnett Braves batting - Pitching for Memphis Redbirds : RHP Mike Torres
Batting: RHB Jordan Villagomez 0-0: Foul Ball, location: 2F
0-1: Ball
1-1: Ball
2-1: Swinging Strike
2-2: Ball
3-2: Foul Ball, location: 2F
3-2: Strikes out swinging, 2-3 out at first.
Batting: RHB Omar Quintana 0-0: Ball
1-0: Foul Ball, location: 2F
1-1: Ball
2-1: Ball
3-1: Foul Ball, location: 2F
3-2: Base on Balls
Batting: SHB Samson Fullerton 0-0: Bunted foul
0-1: Sac Bunt to 13S - play at first, batter OUT! 1-4
Omar Quintana to second
Batting: SHB Carlos Rodriguez 0-0: Ball
1-0: SINGLE (Groundball, 34D, EV 103.8 MPH)
Omar Quintana to third
Batting: RHB Scott King 0-0: Ball
1-0: Ball
2-0: Called Strike
2-1: Ball
3-1: Base on Balls
Carlos Rodriguez to second
Batting: RHB Josh Swartzentruber 0-0: Ball
1-0: Foul Ball, location: 2F
1-1: Ball
2-1: Fielders Choice at 2nd, 6-4 (Groundball, 6, EV 84.4 MPH)
Top of the 2nd over - 0 runs, 1 hit, 0 errors, 3 left on base; Gwinnett 2 - Memphis 0
BOTTOM OF THE 2ND
Memphis Redbirds batting - Pitching for Gwinnett Braves : RHP Samson Fullerton
Batting: RHB Hector Padilla 0-0: Ball
1-0: Ground out 6-3 (Groundball, 6, EV 83.8 MPH)
Batting: RHB Hichori Toyama 0-0: Swinging Strike
0-1: Ball
1-1: Ball
2-1: Swinging Strike
2-2: Strikes out swinging
Batting: RHB Andy Bridger 0-0: Foul Ball, location: 2F
0-1: Ball
1-1: Swinging Strike
1-2: Fly out, F8 (Flyball, 89M, EV 86.3 MPH)
Bottom of the 2nd over - 0 runs, 0 hits, 0 errors, 0 left on base; Gwinnett 2 - Memphis 0
TOP OF THE 3RD
Gwinnett Braves batting - Pitching for Memphis Redbirds : RHP Mike Torres
Batting: RHB Adam McGurn 0-0: Called Strike
0-1: Foul Ball, location: 2F
0-2: Ground out 6-3 (Groundball, 6, EV 90.6 MPH)
Batting: RHB Eddie Wilkins 0-0: Ball
1-0: Foul Ball, location: 2F
1-1: Ball
2-1: Foul Ball, location: 2F
2-2: Foul Ball, location: 2F
2-2: Ball
3-2: Foul Ball, location: 2F
3-2: Base on Balls
Batting: RHB Mike Beavers 0-0: Ball
1-0: Called Strike
1-1: Ball
2-1: Fielders Choice at 2nd, 5-4 (Groundball, 56S, EV 85.6 MPH)
Batting: RHB Jordan Villagomez 0-0: Called Strike
0-1: Ball
1-1: Ball
2-1: Swinging Strike
2-2: Fly out, F9 (Line Drive, 9D, EV 98.8 MPH)
Top of the 3rd over - 0 runs, 0 hits, 0 errors, 1 left on base; Gwinnett 2 - Memphis 0
BOTTOM OF THE 3RD
Memphis Redbirds batting - Pitching for Gwinnett Braves : RHP Samson Fullerton
Batting: RHB Theo van Gent 0-0: Ball
1-0: Called Strike
1-1: Reached on error, E5 (Groundball, 5, EV 103.1 MPH)
Batting: RHB Mike Torres 0-0: Bunted foul
0-1: Sac Bunt to 25 - play at first, batter OUT! 5-4
Theo van Gent to second
Batting: RHB Joe Smack 0-0: Ball
1-0: Foul Ball, location: 2F
1-1: Foul Ball, location: 2F
1-2: Foul Ball, location: 2F
1-2: Ground out 6-3 (Groundball, 6, EV 86.3 MPH)
Theo van Gent to third
Batting: LHB Adrian Chavez 0-0: Ball
Passed Ball!
Theo van Gent scores
1-0: Ball
2-0: Called Strike
2-1: Foul Ball, location: 2F
2-2: Ball
3-2: Strikes out swinging
Bottom of the 3rd over - 1 run, 0 hits, 1 error, 0 left on base; Gwinnett 2 - Memphis 1
TOP OF THE 4TH
Gwinnett Braves batting - Pitching for Memphis Redbirds : RHP Mike Torres
Batting: RHB Omar Quintana 0-0: Swinging Strike
0-1: Swinging Strike
0-2: Strikes out swinging
Batting: SHB Samson Fullerton 0-0: Ball
1-0: Called Strike
1-1: Foul Ball, location: 2F
1-2: Ball
2-2: Foul Ball, location: 2F
2-2: Ball
3-2: Fly out, F3 (Line Drive, 3, EV 74.4 MPH)
Batting: SHB Carlos Rodriguez 0-0: Called Strike
0-1: Ball
1-1: Ball
2-1: Ground out 2-3 (Groundball, 2L, EV 73.8 MPH)
Top of the 4th over - 0 runs, 0 hits, 0 errors, 0 left on base; Gwinnett 2 - Memphis 1
BOTTOM OF THE 4TH
Memphis Redbirds batting - Pitching for Gwinnett Braves : RHP Samson Fullerton
Batting: SHB Ryan Vanas 0-0: Ball
1-0: Ball
2-0: Ground out 4-3 (Groundball, 4D, EV 83.8 MPH)
Batting: RHB Mike Stoll 0-0: Ball
1-0: Foul Ball, location: 2F
1-1: Ball
2-1: Foul Ball, location: 2F
2-2: SOLO HOME RUN (Flyball, 9LD, EV 101.3 MPH), Distance : 355 ft
Batting: RHB Hector Padilla 0-0: Called Strike
0-1: Ball
1-1: Swinging Strike
1-2: Foul Ball, location: 2F
1-2: Foul Ball, location: 2F
1-2: Foul Ball, location: 2F
1-2: Foul Ball, location: 2F
1-2: Strikes out swinging
Batting: RHB Hichori Toyama 0-0: Ball
1-0: Ground out 6-3 (Groundball, 6, EV 105.0 MPH)
Bottom of the 4th over - 1 run, 1 hit, 0 errors, 0 left on base; Gwinnett 2 - Memphis 2
TOP OF THE 5TH
Gwinnett Braves batting - Pitching for Memphis Redbirds : RHP Mike Torres
Batting: RHB Scott King 0-0: Called Strike
0-1: Ball
1-1: SINGLE (Groundball, 6D, EV 99.4 MPH)
Batting: RHB Josh Swartzentruber 0-0: Foul Ball, location: 2F
0-1: Ball
1-1: Foul Ball, location: 2F
1-2: Ball
2-2: Strikes out swinging
Scott King steals 2nd base
Batter strikes out.
Batting: RHB Adam McGurn 0-0: Ball
1-0: Ball
2-0: Ball
3-0: Called Strike
3-1: Base on Balls
Batting: RHB Eddie Wilkins 0-0: Called Strike
0-1: Foul Ball, location: 2F
0-2: Foul Ball, location: 2F
0-2: Ball
1-2: Foul Ball, location: 2F
1-2: SINGLE (Groundball, 25, EV 62.5 MPH) (infield hit)
Scott King to third
Adam McGurn to second
Batting: RHB Mike Beavers 0-0: Ball
1-0: Swinging Strike
1-1: Fly out, F8 (Flyball, 8LS, EV 91.9 MPH)
Batting: RHB Jordan Villagomez 0-0: GRAND SLAM HOME RUN (Flyball, 78XD, EV 94.4 MPH), Distance : 437 ft
Pitching: LHP Patrick Meesters
Batting: RHB Omar Quintana 0-0: Ball
1-0: Reached on error, E4 (Groundball, 4M, EV 98.1 MPH)
Batting: SHB Samson Fullerton 0-0: Ball
1-0: Ball
2-0: Called Strike
2-1: Ball
3-1: Base on Balls
Omar Quintana to second
Batting: SHB Carlos Rodriguez 0-0: Ball
1-0: Ball
2-0: Ground out 4-3 (Groundball, 4, EV 88.8 MPH)
Top of the 5th over - 4 runs, 3 hits, 1 error, 2 left on base; Gwinnett 6 - Memphis 2
BOTTOM OF THE 5TH
Memphis Redbirds batting - Pitching for Gwinnett Braves : RHP Samson Fullerton
Batting: RHB Andy Bridger 0-0: Ground out 6-3 (Groundball, 6, EV 90.6 MPH)
Batting: RHB Theo van Gent 0-0: Swinging Strike
0-1: Called Strike
0-2: Ball
1-2: Ball
2-2: Ball
3-2: Base on Balls
Batting: LHB Patrick Meesters 0-0: Sac Bunt to 15 - play at first, batter OUT! 1-4
Theo van Gent to second
Pitching: LHP Bill Rodriguez
Batting: RHB Joe Smack 0-0: Swinging Strike
0-1: Called Strike
0-2: Ball
1-2: Fly out, F7 (Line Drive, 7, EV 95.6 MPH)
Bottom of the 5th over - 0 runs, 0 hits, 0 errors, 1 left on base; Gwinnett 6 - Memphis 2
TOP OF THE 6TH
Gwinnett Braves batting - Pitching for Memphis Redbirds : LHP Patrick Meesters
Batting: RHB Scott King 0-0: Called Strike
0-1: DOUBLE (Line Drive, 9LD, EV 109.4 MPH)
Batting: RHB Josh Swartzentruber 0-0: Called Strike
0-1: Ball
1-1: Swinging Strike
1-2: Fly out, F6 (Popup, 6, EV 63.1 MPH)
Batting: RHB Adam McGurn 0-0: Ball
1-0: Ball
2-0: SINGLE (Line Drive, 7LS, EV 88.1 MPH)
Scott King to third
Runner from 3rd tries for Home, SAFE, throw by LF to home
Batting: RHB Eddie Wilkins 0-0: Ball
1-0: 2-RUN HOME RUN (Flyball, 89XD, EV 95.6 MPH), Distance : 430 ft
Batting: RHB Mike Beavers 0-0: Ball
1-0: Called Strike
1-1: SINGLE (Groundball, 56D, EV 97.5 MPH)
Batting: RHB Jordan Villagomez 0-0: Ball
1-0: Called Strike
1-1: Grounds into double play, 6-4-3 (Groundball, 6, EV 86.3 MPH)
Top of the 6th over - 3 runs, 4 hits, 0 errors, 0 left on base; Gwinnett 9 - Memphis 2
BOTTOM OF THE 6TH
Memphis Redbirds batting - Pitching for Gwinnett Braves : LHP Bill Rodriguez
Batting: LHB Adrian Chavez 0-0: Called Strike
0-1: Foul Ball, location: 2F
0-2: Ball
1-2: SINGLE (Groundball, 4D, EV 105.6 MPH)
Batting: SHB Ryan Vanas 0-0: Ball
1-0: Foul Ball, location: 2F
1-1: Called Strike
1-2: Strikes out looking
Batting: RHB Mike Stoll 0-0: Called Strike
0-1: Ball
1-1: Ball
2-1: Grounds into double play, 4-6-3 (Groundball, 4M, EV 108.8 MPH)
Bottom of the 6th over - 0 runs, 1 hit, 0 errors, 0 left on base; Gwinnett 9 - Memphis 2
TOP OF THE 7TH
Gwinnett Braves batting - Pitching for Memphis Redbirds : LHP Patrick Meesters
Batting: RHB Omar Quintana 0-0: Called Strike
0-1: Ball
1-1: Swinging Strike
1-2: Foul Ball, location: 2F
1-2: Strikes out looking
Batting: LHB Bill Rodriguez 0-0: Ground out U3 (Groundball, 34S, EV 68.8 MPH)
Batting: SHB Carlos Rodriguez 0-0: Ball
1-0: Called Strike
1-1: Ground out 2-3 (Groundball, 15S, EV 74.4 MPH)
Top of the 7th over - 0 runs, 0 hits, 0 errors, 0 left on base; Gwinnett 9 - Memphis 2
BOTTOM OF THE 7TH
Memphis Redbirds batting - Pitching for Gwinnett Braves : LHP Bill Rodriguez
Batting: RHB Hector Padilla 0-0: Ground out 5-3 (Groundball, 15, EV 78.8 MPH)
Batting: RHB Hichori Toyama 0-0: Ball
1-0: Ball
2-0: Ball
3-0: Base on Balls
Batting: RHB Andy Bridger 0-0: Called Strike
0-1: Called Strike
0-2: SINGLE (Groundball, 5D, EV 94.4 MPH)
Hichori Toyama to second
Pinch Hitting: LHB Tony Marines 0-0: Called Strike
0-1: Ball
1-1: Foul Ball, location: 2F
1-2: Ground out 4-3 (Groundball, 4S, EV 84.4 MPH)
Hichori Toyama to third
Andy Bridger to second
Pinch Hitting: RHB Reed Ryan 0-0: Foul Ball, location: 2F
0-1: Ball
1-1: Ball
2-1: Swinging Strike
2-2: Foul Ball, location: 2F
2-2: Strikes out swinging
Bottom of the 7th over - 0 runs, 1 hit, 0 errors, 2 left on base; Gwinnett 9 - Memphis 2
TOP OF THE 8TH
Gwinnett Braves batting - Pitching for Memphis Redbirds : LHP Patrick Meesters
Pitching: RHP Jesse Crockett
Now in LF: Tony Marines
Batting: RHB Scott King 0-0: Ball
1-0: Ball
2-0: Called Strike
2-1: Foul Ball, location: 2F
2-2: Ball
3-2: Foul Ball, location: 2F
3-2: Base on Balls
Batting: RHB Josh Swartzentruber 0-0: Ball
1-0: Foul Ball, location: 2F
1-1: Called Strike
1-2: SINGLE (Line Drive, 9S, EV 91.3 MPH)
Scott King to second
Batting: RHB Adam McGurn 0-0: Called Strike
0-1: Foul Ball, location: 2F
0-2: Strikes out looking
Batting: RHB Eddie Wilkins 0-0: Ball
1-0: Ball
2-0: SINGLE (Line Drive, 7LS, EV 97.5 MPH)
Scott King to third
Josh Swartzentruber to second
Runner from 3rd tries for Home, SAFE, throw by LF to home
Batting: RHB Mike Beavers 0-0: Ball
1-0: Grounds into double play, 5-4-3 (Groundball, 5, EV 90.6 MPH)
Top of the 8th over - 1 run, 2 hits, 0 errors, 1 left on base; Gwinnett 10 - Memphis 2
BOTTOM OF THE 8TH
Memphis Redbirds batting - Pitching for Gwinnett Braves : LHP Bill Rodriguez
Batting: RHB Joe Smack 0-0: Ball
1-0: Foul Ball, location: 2F
1-1: Foul Ball, location: 2F
1-2: Foul Ball, location: 2F
1-2: Foul Ball, location: 2F
1-2: Ball
2-2: Ball
3-2: Ground out 6-3 (Groundball, 6, EV 103.1 MPH)
Batting: LHB Adrian Chavez 0-0: Called Strike
0-1: Swinging Strike
0-2: Ball
1-2: Strikes out swinging
Batting: SHB Ryan Vanas 0-0: Ball
1-0: Ball
2-0: Foul Ball, location: 2F
2-1: Ball
3-1: Foul Ball, location: 2F
3-2: Foul Ball, location: 2F
3-2: Base on Balls
Batting: RHB Mike Stoll 0-0: Ball
1-0: Called Strike
1-1: Ball
2-1: TRIPLE (Line Drive, 89XD, EV 105.0 MPH)
Ryan Vanas scores
Batting: RHB Hector Padilla 0-0: Called Strike
0-1: Ball
1-1: Called Strike
1-2: Ball
2-2: Ball
3-2: Foul Ball, location: 2F
3-2: SINGLE (Flyball, 89S, EV 95.6 MPH)
Mike Stoll scores
Batting: RHB Hichori Toyama 0-0: Swinging Strike
0-1: Fly out, F4 (Line Drive, 4, EV 75.6 MPH)
Bottom of the 8th over - 2 runs, 2 hits, 0 errors, 1 left on base; Gwinnett 10 - Memphis 4
TOP OF THE 9TH
Gwinnett Braves batting - Pitching for Memphis Redbirds : RHP Jesse Crockett
Pitching: LHP Bubba Fields
Batting: RHB Jordan Villagomez 0-0: Ball
1-0: Ground out 5-3 (Groundball, 56S, EV 79.4 MPH)
Batting: RHB Omar Quintana 0-0: Called Strike
0-1: Ball
1-1: Ball
2-1: Ball
3-1: Ground out 1-3 (Groundball, 15S, EV 72.5 MPH)
Pinch Hitting: RHB Shiro Suehiro 0-0: Ground out 4-3 (Groundball, 34, EV 93.8 MPH)
Top of the 9th over - 0 runs, 0 hits, 0 errors, 0 left on base; Gwinnett 10 - Memphis 4
BOTTOM OF THE 9TH
Memphis Redbirds batting - Pitching for Gwinnett Braves : LHP Bill Rodriguez
Pitching: RHP Jesse Rosa
Batting: RHB Andy Bridger 0-0: Foul Ball, location: 2F
0-1: Foul Ball, location: 2F
0-2: Ground out 5-3 (Groundball, 56, EV 78.8 MPH)
Batting: LHB Tony Marines 0-0: Ground out 4-3 (Groundball, 4, EV 88.1 MPH)
Pinch Hitting: RHB Alex Harvey 0-0: Ground out U3 (Groundball, 3S, EV 82.5 MPH)
Bottom of the 9th over - 0 runs, 0 hits, 0 errors, 0 left on base; Gwinnett 10 - Memphis 4
Tuesday, March 28th , 2023 - OOTP Baseball 23.10 Build 110